 Dungeon Crawl Stone Soup version bcrawl-1.27.6 (webtiles) character file.

Game seed: 1264960689606222289

430793 Faustar the Scorcher (level 14, -19/88 HPs)
             Began as an Avariel Conjurer on Oct 2, 2020.
             Was a High Priest of Sif Muna.
             Demolished by a merfolk
             ... wielding a +0 trident
              (22 damage)
             ... on level 1 of the Shoals.
             The game lasted 01:23:54 (21419 turns).

Faustar the Scorcher (Avariel Conjurer)            Turns: 21419, Time: 01:23:54

Health: -19/88     AC:  7    Str:  6    XL:     14   Next: 88%
Magic:  2/32       EV: 28    Int: 27    God:    Sif Muna [*****.]
Gold:   2426       SH:  0    Dex: 18    Spells: 10/38 levels left

rFire    + . .     SeeInvis .   j - +4 mace (venom)
rCold    + + +     Gourm    .   (no shield)
rNeg     + + .     Faith    .   a - +0 robe
rPois    .         Spirit   .   r - +0 helmet
rElec    .         Reflect  .   R - scarf {repulsion}
rCorr    +         Harm     .   M - +0 pair of gloves
MR       +....                  B - +2 pair of boots {Fly}
Stlth    +++.......             A - amulet of the acrobat
HPRegen  0.24/turn              x - ring of Nium Ef Coyb {rF+ rC+++ rN++ Slay-4}
MPRegen  0.23/turn              m - ring of resist corrosion

@: agile, about to teleport, flying quickly and evasively, divine energy, repel
missiles, quick
A: able to fly
a: Stop Flying, Stop Divine Energy, Channel Magic, Forget Spell, Renounce
Religion


You were on level 1 of the Shoals.
You worshipped Sif Muna.
Sif Muna was extremely pleased with you.
You were very hungry.

You visited 4 branches of the dungeon, and saw 18 of its levels.
You also visited: Bailey.

You collected 2456 gold pieces.
You spent 30 gold pieces at shops.

Inventory:

Hand Weapons
 j - a +4 mace of venom (weapon)
Missiles
 w - 5 throwing nets {=f}
Armour
 a - a +0 robe (worn)
 r - a +0 helmet (worn)
 t - a +0 cloak
 u - a +0 buckler
 B - a +2 pair of boots of flying (worn)
 F - a +0 buckler of reflection
 M - a +0 pair of gloves (worn)
 R - a scarf of repulsion (worn)
Magical Staves
 b - an uncursed staff of power
Jewellery
 m - a ring of resist corrosion (right hand)
 x - the ring of Nium Ef Coyb (left hand) {rF+ rC+++ rN++ Slay-4}
   (You found it on level 7 of the Dungeon)

   [ring of protection from fire]

   It affects your accuracy and damage with ranged weapons and melee attacks
   (-4).
   It protects you from fire.
   It renders you almost immune to cold.
   It greatly protects you from negative energy.
 A - an amulet of the acrobat (around neck)
 D - an uncursed ring of positive energy
 L - a +3 ring of intelligence
 O - an uncursed ring of insulation
Wands
 q - a wand of polymorph (12)
 E - a wand of acid (8)
 N - a wand of iceblast (9)
 V - a wand of clouds (4)
Scrolls
 d - 5 scrolls of fog
 g - 6 scrolls of teleportation
 h - a scroll of identify
 l - a scroll of immolation {unknown}
 o - 2 scrolls of blinking
 s - 2 scrolls of enchant armour {unknown}
 v - 2 scrolls of noise {unknown}
 y - 3 scrolls of magic mapping
 C - 4 scrolls of enchant weapon {unknown}
 G - 2 scrolls of amnesia {unknown}
 H - 4 scrolls of remove curse
 J - a scroll of silence {unknown}
 S - a scroll of fear {unknown}
 T - a scroll of vulnerability {unknown}
Potions
 c - 2 potions of magic
 f - 3 potions of invisibility {unknown}
 i - 2 potions of heal wounds
 n - a potion of brilliance {unknown}
 z - a potion of resistance {unknown}
 I - 3 potions of berserk rage
 P - 2 potions of flight
 Q - 3 potions of curing
Miscellaneous
 K - a phial of floods
Comestibles
 e - 33 rations {!d}


   Skills:
 - Level 10.0 Fighting
 + Level 8.8 Dodging
 - Level 2.1 Stealth
 - Level 12.7 Spellcasting
 - Level 13.0 Conjurations
 - Level 5.0 Hexes
 - Level 15.6 Fire Magic
 * Level 7.3 Ice Magic


You had 10 spell levels left.
You knew the following spells:

 Your Spells              Type           Power        Failure   Level  Hunger
a - Magic Dart            Conj           ####         0%          1    None
b - Searing Ray           Conj           ######..     1%          2    None
c - Fulminant Prism       Conj/Hex       ######....   1%          4    None
d - Bolt of Fire          Conj/Fire      #######...   1%          6    ####...
e - Inner Flame           Hex/Fire       N/A          1%          3    None
f - Conjure Flame         Conj/Fire      #######.     1%          3    None
g - Regeneration          Chrm/Necr      ###.......   10%         3    None
h - Bolt of Cold          Conj/Ice       ######....   8%          6    ####...

Your spell library contained the following spells:

 Spells                   Type           Power        Failure   Level  Hunger
 Corona                   Hex            #####..      1%          1    None
 Freeze                   Ice            ######       1%          1    None
 Shock                    Conj/Air       #####        1%          1    None
 Sting                    Conj/Pois      ####         1%          1    None
 Ensorcelled Hibernation  Hex/Ice        ######       1%          2    None
 Shackle                  Hex            #####...     1%          2    None
 Throw Frost              Conj/Ice       ######       1%          2    None
 Ignite Poison            Fire/Tmut/Pois #####...     1%          3    None
 Iskenderun's Mystic Bla  Conj           ######..     1%          3    None
 Tukima's Dance           Hex            #####...     1%          3    None
 Sticky Flame             Conj/Fire      #######.     1%          4    None
 Throw Icicle             Conj/Ice       ######..     1%          4    None
 Bolt of Magma            Conj/Fire/Erth ######....   1%          5    ##.....
 Ozocubu's Armour         Chrm/Ice       #####...     2%          3    None
 Cause Fear               Hex            #####.....   4%          4    None
 Bolt of Draining         Conj/Necr      ######....   6%          5    ##.....
 Irradiate                Conj/Tmut      ######....   6%          5    ##.....
 Iskenderun's Battlesphe  Conj/Chrm      ######..     6%          5    ##.....
 Ice Form                 Ice/Tmut       #####...     7%          4    None
 Summon Ice Beast         Ice/Summ       #####...     7%          4    None
 Metabolic Englaciation   Hex/Ice        ######....   7%          5    ##.....
 Beckoning                Tloc           ###.......   10%         3    None
 Yara's Violent Unravell  Hex/Tmut       ####......   12%         4    None
 Ozocubu's Refrigeration  Ice            ######....   24%         6    ####...
 Iron Shot                Conj/Erth      ######....   34%         6    ####...
 Darkness                 Hex            #####.....   54%         6    ####...
 Mana Rupture             Conj/Hex       ######....   56%         7    #####..
 Aura of Abjuration       Summ           ###.......   65%         5    ##.....
 Dispel Undead            Necr           ###.....     65%         5    ##.....
 Summon Demon             Summ           ###.......   65%         5    ##.....
 Summon Forest            Summ/Tloc      ###.......   65%         5    ##.....
 Summon Lightning Spire   Summ/Air       ###.....     65%         5    ##.....
 Freezing Cloud           Ice/Air        #####.....   73%         6    ####...
 Simulacrum               Ice/Necr       #####.....   73%         6    ####...
 Deflect Missiles         Chrm/Air       ###.......   99%         6    ####...
 Statue Form              Tmut/Erth      ###......    99%         6    ####...
 Chain Lightning          Conj/Air       ######....   100%        8    #######
 Discord                  Hex            #####.....   100%        8    #######
 Glaciate                 Conj/Ice/Air   ######....   100%        8    #######
 Fire Storm               Conj/Fire      #######...   100%        9    #######
 Shatter                  Erth           ###.......   100%        9    #######


Dungeon Overview and Level Annotations

Branches:
Dungeon (10/12)            Temple (1/1) D:7            Lair (6/6) D:7
 Shoals (1/3) Lair:2       Spider (0/3) Lair:3        Slime (0/5) Lair:5
    Orc (0/1) D:9

Altars:
Ashenzari
Dithmenos
Kikubaaqudgha
Lugonu
Okawaru
Sif Muna
Vehumet
Wu Jian
Xom
Zin
Jiyva

Shops:
D:4 (   D:5 ?   D:8 (


Innate Abilities, Weirdness & Mutations

You can fly continuously.


Message History

The air twists around and violently strikes you in flight!!
You see here a throwing net {=f}.
The wind drake flaps its wings at you.
The air twists around and violently strikes you in flight!!
You regain access to your magic.
The merfolk avatar shouts!
The merfolk avatar chants a haunting song.
You resist with some effort.
The wind drake exhales a fierce blast of wind!
You are blown backwards!
As you read the scroll of teleportation, it crumbles to dust.
You feel strangely unstable.
The merfolk hits you from afar with a +0 trident!
It was a potion of agility.
You feel agile all of a sudden. The wind drake flaps its wings at you.
The air twists around and violently strikes you in flight!!
* * * LOW HITPOINT WARNING * * *
The merfolk hits you from afar with a +0 trident!!
You die...

≈≈≈≈≈≈≈...
≈≈≈≈≈≈≈≈..# ##.
.≈.≈.≈≈≈≈..###$..
≈.≈≈≈..≈≈≈≈.......≈
.≈≈≈≈≈≈≈≈≈≈≈≈....≈≈
..≈≈≈≈≈≈≈≈≈≈≈..≈≈≈≈
.$≈≈≈≈≈..≈...≈≈≈≈≈≈
.:≈≈≈≈.....@.m≈≈≈≈≈
≈≈≈≈≈≈....(...≈≈≈≈≈
≈≈≈≈≈≈≈...##.≈≈≈≈≈≈
≈≈≈≈≈≈≈..###....≈≈.
≈≈≈≈≈≈≈<....≈......
≈≈≈≈≈≈k≈...?..≈>..#
≈≈≈≈≈≈m))≈≈..≈≈..##
≈≈≈≈≈≈≈)≈≈≈≈≈≈≈."#
≈≈≈≈≈≈≈≈.$≈≈≈≈≈.


You could see a merfolk avatar, a wind drake and a merfolk.

Vanquished Creatures
  Josephine (Lair:6)
  4 hydras
  Harold (Lair:4)
  An anaconda (Lair:6)
  6 death yaks (Lair:6)
  A satyr (Shoals:1)
  A lindwurm (Lair:5)
  2 oklob plants
  3 fauns (Shoals:1)
  An ugly thing (D:9)
  A centaur zombie (D:6)
  2 manticores
  7 elephants
  3 black mambas
  A torpor snail (Lair:6)
  2 orange demons (D:9)
  10 cane toads
  2 rime drakes
  8 komodo dragons
  A queen bee (Lair:2)
  A red devil (D:9)
  4 polar bears (Lair:6)
  4 jumping spiders (Lair:3)
  24 blink frogs
  5 hornets (Lair:6)
  14 hippogriffs
  6 dream sheep
  3 slime creatures (D:9)
  15 spriggans
  Sigmund (D:6)
  35 yaks
  4 wyverns
  4 wraiths
  A steam dragon (D:7)
  3 hungry ghosts
  5 basilisks
  10 crocodiles
  9 water moccasins
  15 porcupines
  2 orc warriors
  Duvessa (D:4)
  4 black bears
  3 ice beasts
  4 sky beasts
  2 phantoms
  2 necrophages
  5 ogres
  30 wolves
  3 boggarts (Lair:6)
  6 centaurs
  A big kobold (D:8)
  5 bullfrogs
  9 gnoll sergeants
  Dowan (D:4)
  A water moccasin zombie (D:6)
  4 scorpions
  27 killer bees (Lair:2)
  4 troll zombies (D:9)
  4 wights (D:8)
  3 electric eels (D:7)
  A bullfrog zombie (D:5)
  8 crimson imps
  A quasit (D:8)
  3 jellies
  5 hounds
  A centaur skeleton (D:5)
  3 orc priests
  7 gnoll shamans
  4 iron imps (D:9)
  5 iguanas
  Ijyb (D:3)
  10 orc wizards
  7 worker ants
  3 ogre zombies (D:9)
  Robin (D:2)
  26 gnolls
  15 adders
  4 shadow imps
  2 oozes (D:3)
  3 adder skeletons
  2 adder zombies (D:5)
  5 worms
  5 dart slugs
  6 leopard geckos
  29 orcs
  4 ball pythons
  2 bat zombies (D:8)
  3 giant cockroaches
  11 hobgoblins
  14 jackals
  15 kobolds
  8 quokkas
  2 bats
  6 frilled lizards
  17 goblins
  2 goblin skeletons (D:9)
  A goblin zombie (D:9)
  2 hobgoblin zombies (D:9)
  3 orc skeletons (D:9)
  17 orc zombies (D:9)
  2 quokka skeletons
  10 rats
  2 rat zombies (D:8)
  A bush (Lair:6)
  A fulminant prism (D:7)
  5 fungi
  12 plants
639 creatures vanquished.

Vanquished Creatures (others)
  A crocodile (Lair:5)
  2 bushes
  130 fulminant prisms
  9 fungi
  18 plants
160 creatures vanquished.

Grand Total: 799 creatures vanquished

Notes
Turn   | Place    | Note
-------+----------+-------------------------------------------
     0 | D:1      | Faustar the Avariel Conjurer began the quest for the Orb.
     0 | D:1      | Reached XP level 1. HP: 10/10 MP: 6/6
   119 | D:1      | Reached XP level 2. HP: 15/15 MP: 4/8
   148 | D:1      | Learned a level 2 spell: Searing Ray
   633 | D:1      | Reached XP level 3. HP: 16/19 MP: 4/10
   899 | D:2      | Found a shattered altar of Ashenzari.
  1054 | D:2      | Reached skill level 5 in Spellcasting
  1126 | D:2      | Reached XP level 4. HP: 24/24 MP: 8/13
  1333 | D:2      | Noticed Robin
  1345 | D:2      | Killed Robin
  1661 | D:2      | Found a faded altar of an unknown god.
  1894 | D:3      | Reached XP level 5. HP: 28/28 MP: 5/16
  2003 | D:3      | Learned a level 4 spell: Fulminant Prism
  2036 | D:3      | Reached skill level 1 in Hexes
  2148 | D:3      | Found an ornate altar of the Wu Jian Council.
  2240 | D:3      | Found a shadowy altar of Dithmenos.
  2380 | D:3      | Reached XP level 6. HP: 27/32 MP: 12/17
  2546 | D:3      | Noticed Ijyb
  2552 | D:3      | Killed Ijyb
  2895 | D:4      | Noticed Dowan
  2896 | D:4      | Noticed Duvessa
  3019 | D:4      | Killed Duvessa
  3019 | D:4      | Reached skill level 5 in Hexes
  3019 | D:4      | Reached XP level 7. HP: 36/36 MP: 4/19
  3374 | D:4      | Found Bihec's Antique Weapon Shop.
  3393 | D:4      | Killed Dowan
  3875 | D:4      | Reached XP level 8. HP: 41/41 MP: 14/22
  4085 | D:5      | Entered Level 5 of the Dungeon
  4255 | D:5      | Found a radiant altar of Vehumet.
  4255 | D:5      | Found a glowing silver altar of Zin.
  4261 | D:5      | Found a faded altar of an unknown god.
  4266 | D:5      | Found a faded altar of an unknown god.
  4268 | D:5      | Found a shimmering blue altar of Sif Muna.
  4340 | D:5      | Became a worshipper of Sif Muna the Loreminder
  4802 | D:5      | Reached * piety under Sif Muna
  4869 | D:5      | Found Baisip's Magic Scroll Shoppe.
  4874 | D:5      | Bought a scroll of remove curse for 30 gold pieces
  5328 | D:6      | Reached skill level 10 in Spellcasting
  5328 | D:6      | Gained mutation: You can fly continuously. [Avariel growth]
  5328 | D:6      | Reached XP level 9. HP: 44/45 MP: 8/25
  5480 | D:6      | Reached ** piety under Sif Muna
  5480 | D:6      | Reached skill level 10 in Conjurations
  5699 | D:6      | Noticed Sigmund
  5706 | D:6      | Killed Sigmund
  5793 | D:6      | Reached *** piety under Sif Muna
  5793 | D:6      | Identified Sif Muna's Incunabulum of Conjuration (Sif Muna
                  | gifted it to you on level 6 of the Dungeon)
  5793 | D:6      | Received a gift from Sif Muna
  5829 | D:6      | Found a sand-covered staircase.
  6479 | D:7      | Reached XP level 10. HP: 38/50 MP: 20/27
  6677 | D:7      | Found an iron altar of Okawaru.
  6677 | D:7      | Found a corrupted altar of Lugonu.
  6678 | D:7      | Found a shimmering altar of Xom.
  6826 | D:7      | Identified Rihi's Almanac of the Flamy Entourage (Sif Muna
                  | gifted it to you on level 7 of the Dungeon)
  6826 | D:7      | Received a gift from Sif Muna
  6914 | D:7      | Learned a level 6 spell: Bolt of Fire
  6936 | D:7      | Reached skill level 1 in Fire Magic
  6944 | D:7      | Reached skill level 2 in Fire Magic
  6980 | D:7      | Found a staircase to the Lair.
  7067 | D:7      | Found a staircase to the Ecumenical Temple.
  7076 | D:7      | Reached skill level 3 in Fire Magic
  7197 | D:7      | Got a clouded marble ring
  7272 | Temple   | Entered the Ecumenical Temple
  7449 | D:7      | Reached skill level 4 in Fire Magic
  8036 | D:8      | Found Teicesch Syvo's Antique Weapon Emporium.
  8060 | D:8      | Reached skill level 5 in Fire Magic
  8165 | D:8      | Reached skill level 6 in Fire Magic
  8211 | D:8      | Reached **** piety under Sif Muna
  8282 | D:8      | Found a flagged portal.
  8289 | Bailey   | Entered a bailey
  8427 | Bailey   | Reached XP level 11. HP: 54/54 MP: 25/29
  8477 | Bailey   | Reached skill level 7 in Fire Magic
  8596 | Bailey   | Identified Sif Muna's Grimoire of Heat and Weightlessness
                  | (Sif Muna gifted it to you in a bailey)
  8596 | Bailey   | Received a gift from Sif Muna
  8764 | Bailey   | Reached skill level 8 in Fire Magic
  9536 | D:8      | Found an ancient bone altar of Kikubaaqudgha.
  9902 | D:9      | Noticed a purple ugly thing
  9916 | D:9      | Killed a purple ugly thing
  9916 | D:9      | Reached skill level 9 in Fire Magic
 10230 | D:9      | Identified the ring of Nium Ef Coyb {rF+ rC+++ rN++ Slay-4}
                  | (You found it on level 7 of the Dungeon)
 10312 | D:9      | Found an ancient bone altar of Kikubaaqudgha.
 10318 | D:9      | Reached skill level 10 in Fire Magic
 10373 | D:9      | Received a gift from Sif Muna
 10833 | D:9      | Found a staircase to the Orcish Mines.
 11017 | D:9      | Reached skill level 11 in Fire Magic
 11175 | D:10     | Entered Level 10 of the Dungeon
 11288 | Lair:1   | Entered Level 1 of the Lair of Beasts
 11590 | Lair:1   | Reached skill level 12 in Fire Magic
 11648 | Lair:1   | Reached XP level 12. HP: 59/59 MP: 18/30
 11745 | Lair:1   | Reached ***** piety under Sif Muna
 12453 | Lair:2   | Identified Sif Muna's Almanac of Twisted Beguiling (Sif
                  | Muna gifted it to you on level 2 of the Lair of Beasts)
 12453 | Lair:2   | Received a gift from Sif Muna
 12459 | Lair:2   | Learned a level 3 spell: Inner Flame
 12514 | Lair:2   | Reached skill level 13 in Fire Magic
 12660 | Lair:2   | Found a staircase to the Shoals.
 13190 | Lair:2   | Reached skill level 14 in Fire Magic
 13524 | Lair:2   | Noticed a six-headed hydra
 13537 | Lair:2   | Killed a six-headed hydra
 13553 | Lair:2   | Identified Sif Muna's Volume of Necromancy and the
                  | Volcanoes (Sif Muna gifted it to you on level 2 of the Lair
                  | of Beasts)
 13553 | Lair:2   | Received a gift from Sif Muna
 13598 | Lair:2   | Learned a level 3 spell: Conjure Flame
 13955 | Lair:2   | Reached skill level 15 in Fire Magic
 14616 | Lair:2   | Learned a level 3 spell: Regeneration
 14681 | Lair:3   | Reached skill level 1 in Fighting
 14683 | Lair:3   | Reached XP level 13. HP: 65/65 MP: 16/31
 15275 | Lair:3   | Found a hole to the Spider Nest.
 15739 | Lair:4   | Noticed Harold
 15746 | Lair:4   | Killed Harold
 15909 | Lair:4   | Reached skill level 5 in Fighting
 15914 | Lair:4   | Reached skill level 5 in Dodging
 16943 | Lair:5   | Learned a level 6 spell: Bolt of Cold
 17143 | Lair:5   | Found a viscous altar of Jiyva.
 17144 | Lair:5   | Found a staircase to the Slime Pits.
 17413 | Lair:5   | Reached skill level 1 in Ice Magic
 17885 | Lair:6   | Entered Level 6 of the Lair of Beasts
 17885 | Lair:6   | Found a radiant altar of Vehumet.
 18216 | Lair:6   | Identified Sif Muna's Further Progress in Spellweaving (Sif
                  | Muna gifted it to you on level 6 of the Lair of Beasts)
 18216 | Lair:6   | Received a gift from Sif Muna
 18323 | Lair:6   | Got a brightly glowing bone ring
 18325 | Lair:6   | Identified the cursed ring "Luot" {Int+4 Stlth--} (You
                  | found it on level 6 of the Lair of Beasts)
 18535 | Lair:6   | Reached XP level 14. HP: 82/82 MP: 28/32
 18800 | Lair:6   | Reached skill level 5 in Ice Magic
 18800 | Lair:6   | Noticed Josephine
 18804 | Lair:6   | Killed Josephine
 21360 | Shoals:1 | Entered Level 1 of the Shoals
 21363 | Shoals:1 | Identified Sif Muna's Grimoire of Curses (Sif Muna gifted
                  | it to you on level 1 of the Shoals)
 21363 | Shoals:1 | Received a gift from Sif Muna
 21371 | Shoals:1 | Reached skill level 10 in Fighting
 21419 | Shoals:1 | HP: 3/88 [wind drake/the air (28)]
 21419 | Shoals:1 | Demolished by a merfolk

Skill      XL: |  1  2  3  4  5  6  7  8  9 10 11 12 13 14 |
---------------+-------------------------------------------+-----
Spellcasting   | 3 4 5 6 8 10 11 12 | 12.7
Hexes          | 2 5 |  5.0
Conjurations   | 7 9 12 13 | 13.0
Fire Magic     | 6 12 15 | 15.6
Fighting       | 1 7 10 | 10.0
Dodging        | 6 8 |  8.8
Ice Magic      | 4 7 |  7.3
Stealth        | |  2.1

Action                   |  1- 3 |  4- 6 |  7- 9 | 10-12 | 13-15 || total
-------------------------+-------+-------+-------+-------+-------++-------
Melee: Unarmed           |     5 |       |       |       |       ||     5
       Mace              |     1 |     1 |     9 |    29 |    83 ||   123
 Cast: Magic Dart        |    49 |    94 |    75 |   207 |    63 ||   488
       Searing Ray       |     5 |     9 |    44 |   100 |    51 ||   209
       Fulminant Prism   |       |     5 |    17 |    73 |    36 ||   131
       Bolt of Fire      |       |       |       |    36 |   142 ||   178
       Inner Flame       |       |       |       |     2 |     7 ||     9
       Conjure Flame     |       |       |       |     2 |    14 ||    16
Invok: Divine Energy     |       |       |     1 |       |       ||     1
 Abil: Fly               |       |       |       |     1 |       ||     1
Evoke: Wand              |       |       |       |       |     2 ||     2
  Use: Scroll            |       |       |     5 |     1 |    12 ||    18
       Potion            |       |       |       |       |     1 ||     1
  Eat: Chunk             |     2 |     7 |    19 |    36 |    43 ||   107
       Ration            |       |       |       |     2 |     3 ||     5
Armor: Robe              |     2 |       |    10 |    24 |    11 ||    47
       Skin              |       |     1 |       |       |       ||     1
Dodge: Dodged            |     9 |    10 |    41 |   170 |   168 ||   398
       Deflected         |       |       |       |       |     4 ||     4
